 Dungeon Crawl Stone Soup version 0.22-a0-404-g35e51767bf (webtiles) character file.

315 Malygoose the Slasher (level 6, -5/51 HPs)
             Began as a Barachi Chaos Knight on May 4, 2018.
             Slain by an ogre
             ... wielding a +0 giant club
              (21 damage)
             ... on level 4 of the Dungeon on May 8, 2018.
             The game lasted 00:40:59 (3547 turns).

Malygoose the Slasher (Barachi Chaos Knight)        Turns: 3547, Time: 00:40:59

Health: -5/51      AC:  5    Str: 20    XL:     6   Next: 44%
Magic:  6/6        EV: 12    Int: 13    God:    Xom [...*..]
Gold:   93         SH:  0    Dex: 11    Spells: 5/5 levels left

rFire    . . .     SeeInvis .   a - +1 falchion (chaos)
rCold    . . .     Gourm    .   (no shield)
rNeg     . . .     Faith    .   b - +2 leather armour
rPois    .         Spirit   .   (no helmet)
rElec    .         Reflect  .   (no cloak)
rCorr    .         Harm     .   (no gloves)
MR       .....                  (no boots)
Stlth    +.........             (no amulet)
HPRegen  0.17/turn              (no ring)
MPRegen  0.10/turn              (no ring)

@: mighty, slow
A: +LOS, swims, deformed body, deterioration 1, shaggy fur 1, slowness 1, strong
legs 1
a: Hop, Renounce Religion


You were on level 4 of the Dungeon.
You worshipped Xom.
You were a favourite toy of Xom.
You were hungry.

You visited 1 branch of the dungeon, and saw 4 of its levels.

You collected 93 gold pieces.

Inventory:

Hand Weapons
 a - a +1 falchion of chaos (weapon)
 o - a +2 scythe of venom
 q - a +0 dagger of protection
Armour
 b - a +2 leather armour (worn)
 f - a +0 ring mail
 w - a +2 leather armour of poison resistance
Jewellery
 e - an uncursed ring of magical power {unknown}
 n - an uncursed amulet of the acrobat {unknown}
Scrolls
 d - a scroll of enchant weapon
 g - 2 scrolls of fog {unknown}
 i - a scroll of enchant armour {unknown}
 k - 4 scrolls of teleportation
 l - 4 scrolls of identify {unknown}
 m - a scroll of amnesia {unknown}
 u - a scroll of remove curse {unknown}
Potions
 h - 2 potions of heal wounds
 j - a potion of mutation {unknown}
 p - a potion of brilliance {unknown}
 r - 2 potions of curing {unknown}
 s - a potion of magic {unknown}
 v - a potion of resistance {unknown}
 x - a potion of degeneration {unknown}
Comestibles
 c - 6 rations


   Skills:
 + Level 5.0 Fighting
 * Level 6.0 Long Blades
 + Level 4.0 Armour
 + Level 3.0 Dodging


You had 5 spell levels left.
You didn't know any spells.

Dungeon Overview and Level Annotations

Branches:
Dungeon (4/15)
 Temple: D:4-7

Altars:
Ashenzari
Cheibriados
Nemelex Xobeh
Okawaru
Qazlal
Xom
Yredelemnul


Innate Abilities, Weirdness & Mutations

Shadows flee at your approach. (+LOS)
You can swim through water.
You cover ground slowly.
You can hop short distances.
Armour fits poorly on your strangely shaped body.
Your body sometimes deteriorates upon taking damage.
You are covered in fur. (AC +1)


Message History

There is a stone staircase leading down here.
You climb downwards.
There is a stone staircase leading up here.
You see here 23 stones.
There is a stone staircase leading down here.
x - a viscous golden potion An ogre comes into view.
It is wielding a giant club.
You hit the ogre. You burn the ogre.
The ogre is lightly wounded.
The ogre hits you with a giant club!!
Ouch! That really hurt!
You feel very mighty all of a sudden.
You barely miss the ogre.
The ogre is lightly wounded.
The ogre hits you with a giant club!
You slash the ogre!
The ogre flickers and vanishes!
Deactivating autopickup; reactivate with Ctrl-A.
Xom is highly amused!
Something hits you!!
You die...

#. #.# #. #.#
###. #.#
≈≈..#...#####
#.#
≈≈..........#
#.#
≈...#.#####.#
#.# #.# #.#
#{#####.#
#@......#
#########


There were no monsters in sight!

Vanquished Creatures
  A scorpion (D:4)
  2 worker ants (D:4)
  4 gnolls (D:3)
  6 adders (D:3)
  2 oozes
  A worm (D:2)
  A leopard gecko (D:2)
  9 orcs
  3 giant cockroaches
  8 goblins
  5 hobgoblins
  4 jackals
  3 quokkas
  4 ball pythons
  4 bats
  10 kobolds
  7 rats
74 creatures vanquished.

Vanquished Creatures (collateral kills)
  An orc (D:3)
1 creature vanquished.

Vanquished Creatures (others)
  Sigmund (D:2)
1 creature vanquished.

Grand Total: 76 creatures vanquished

Notes
Turn   | Place    | Note
-------+----------+-------------------------------------------
     0 | D:1      | Malygoose the Barachi Chaos Knight began the quest for the Orb.
     0 | D:1      | Reached XP level 1. HP: 18/18 MP: 1/1
    68 | D:1      | XOM: harmless Conj miscast
   205 | D:1      | Reached XP level 2. HP: 23/25 MP: 2/2
   220 | D:1      | Reached skill level 4 in Long Blades
   356 | D:1      | XOM: noise
   538 | D:1      | XOM: harmless Hex miscast
   618 | D:2      | Reached XP level 3. HP: 27/30 MP: 3/3
   876 | D:2      | Noticed Sigmund
   882 | D:2      | XOM: 3-stop teleportation journey
  1020 | D:2      | XOM: give mutation
  1020 | D:2      | Gained mutation: Scrolls take you a little longer to read. [Xom's mischief]
  1235 | D:2      | XOM: mild Pois miscast
  1431 | D:2      | XOM: scenery: create altars
  1522 | D:2      | Killed Sigmund
  1522 | D:2      | Reached XP level 4. HP: 31/37 MP: 4/4
  1522 | D:2      | XOM: divine lightning
  1549 | D:2      | Upgraded the game from 0.22-a0-396-g3f858e37d3 to 0.22-a0-404-g35e51767bf
  1620 | D:2      | XOM: give mutations
  1620 | D:2      | Lost mutation: Scrolls take you a little longer to read. [Xom's mischief]
  1620 | D:2      | Gained mutation: Your body sometimes deteriorates upon taking damage. [Xom's mischief]
  1620 | D:2      | Gained mutation: You are covered in fur. (AC +1) [Xom's mischief]
  1978 | D:3      | Reached skill level 5 in Long Blades
  1991 | D:3      | XOM: summons friendly ufetubus
  1998 | D:3      | Reached XP level 5. HP: 41/43 MP: 5/5
  2212 | D:2      | XOM: stat loss: -1 Int (12/13)
  2308 | D:3      | Found a stormy altar of Qazlal.
  2326 | D:3      | XOM: harmless Summ miscast
  2351 | D:3      | XOM: silly message
  2544 | D:3      | XOM: harmless Chrm miscast
  2866 | D:4      | Found an iron altar of Okawaru.
  2867 | D:4      | Found a snail-covered altar of Cheibriados.
  2868 | D:4      | Found a shattered altar of Ashenzari.
  2869 | D:4      | Found a basalt altar of Yredelemnul.
  2871 | D:4      | Found a sparkling altar of Nemelex Xobeh.
  2912 | D:4      | XOM: noise
  2970 | D:4      | Reached XP level 6. HP: 49/50 MP: 6/6
  3136 | D:4      | XOM: 1-stop teleportation journey
  3138 | D:4      | XOM: summons 2 hostile shadow creatures
  3274 | D:3      | XOM: give mutation
  3274 | D:3      | Gained mutation: Armour fits poorly on your strangely shaped body. [Xom's mischief]
  3374 | D:4      | XOM: summons friendly white imp
  3378 | D:4      | Reached skill level 5 in Fighting
  3378 | D:4      | Reached skill level 6 in Long Blades
  3547 | D:4      | Slain by an ogre

Vault maps used:
D:1:      lightli_iron_boxes
D:2:      uniq_sigmund
D:3:      grunt_qazlal_sundering, first_ration
D:4:      minitemple, temple_pool_b

Skill      XL: |  1  2  3  4  5  6 |
---------------+-------------------+-----
Long Blades    | 4 5 6 |  6.0
Fighting       | 4 5 |  5.0
Armour         | 3 4 |  4.0
Dodging        | 2 3 |  3.0

Action                   |  1- 3 |  4- 6 || total
-------------------------+-------+-------++-------
Melee: Falchion          |   107 |   122 ||   229
 Abil: Hop               |       |     2 ||     2
  Use: Potion            |     1 |     1 ||     2
       Scroll            |       |     2 ||     2
 Stab: Paralysed         |     1 |     3 ||     4
       Sleeping          |     1 |       ||     1
       Distracted        |       |     1 ||     1
  Eat: Chunk             |     3 |     6 ||     9
Armor: Ring mail         |    41 |    12 ||    53
       Leather armour    |     4 |    30 ||    34
Dodge: Dodged            |    77 |    67 ||   144
       Rpst.: Falchion   |    25 |    21 ||    46

Table legend:
 A = Spawn XP
 B = Non-spawn XP
 C = Spawn XP percentage of total XP
 D = Spawn monster count
 E = Non-spawn monster count
 F = Spawn count percentage of total count
 G = Total turns spent on level
                    A         B        C        D         E        F      G
               +---------+---------+-------+---------+---------+-------+---------
         Total |       0 |     451 |   0.0 |       0 |      76 |   0.0 |  3547
               +---------+---------+-------+---------+---------+-------+---------
           D:1 |       0 |      32 |   0.0 |       0 |      17 |   0.0 |   617
           D:2 |       0 |     105 |   0.0 |       0 |      22 |   0.0 |  1553
           D:3 |       0 |     170 |   0.0 |       0 |      30 |   0.0 |   912
           D:4 |       0 |     144 |   0.0 |       0 |       7 |   0.0 |   465
               +---------+---------+-------+---------+---------+-------+---------
